 Dungeon Crawl Stone Soup version 0.21.1-1-g345015f (webtiles) character file.

396 iamserjio the Sneak (level 6, -1/44 HPs)
             Began as an Octopode Monk on Apr 6, 2018.
             Killed from afar by Totori's ghost (12 damage)
             ... with a flame tongue
             ... on level 3 of the Dungeon.
             The game lasted 00:12:21 (3700 turns).

iamserjio the Sneak (Octopode Monk)                 Turns: 3700, Time: 00:12:22

Health: -1/44      AC:  1    Str: 10    XL:     6   Next: 83%
Magic:  0/6        EV: 16    Int: 13    God:
Gold:   75         SH:  0    Dex: 16    Spells: 5/5 levels left

rFire    . . .     SeeInvis .   s - +2 dagger (freeze)
rCold    . . .     Gourm    .   (no shield)
rNeg     . . .     Faith    .   (helmet restricted)
rPois    .         Spirit   +   v - amulet of guardian spirit
rElec    .         Reflect  .   (no ring)
rCorr    .         Harm     .   (no ring)
MR       .....                  (no ring)
Stlth    ++++......             (no ring)
HPRegen  0.14/turn              (no ring)
MPRegen  0.10/turn              (no ring)
                                (no ring)
                                (no ring)

@: no status effects
A: almost no armour, stealthy swim, amphibious, 8 rings, constrict 8, camouflage
1, gelatinous body 1
a: no special abilities


You were on level 3 of the Dungeon.
You were not hungry.

You visited 1 branch of the dungeon, and saw 5 of its levels.

You collected 75 gold pieces.

Inventory:

Hand Weapons
 a - a +0 short sword
 d - a +2 short sword of protection
 s - a +2 dagger of freezing (weapon)
 z - a +0 trident of protection
 A - a +1 flail of protection
Armour
 y - a +0 large shield
Jewellery
 k - a +3 amulet of reflection
 n - an uncursed ring of ice
 u - an uncursed amulet of regeneration
 v - an amulet of guardian spirit (around mantle)
Scrolls
 e - 3 scrolls of identify
 f - a scroll of noise {unknown}
 j - a scroll of remove curse
 l - a scroll of magic mapping {unknown}
 o - a scroll of blinking
 p - 4 scrolls of teleportation
 q - a scroll of fear {unknown}
 r - a scroll of immolation {unknown}
Potions
 c - a potion of magic {unknown}
 g - a potion of heal wounds
 h - 4 potions of curing {unknown}
 i - 2 potions of cancellation {unknown}
 m - 2 potions of invisibility
 t - a potion of brilliance {unknown}
 w - 2 potions of lignification {unknown}
 B - a potion of resistance {unknown}
Comestibles
 b - 8 rations
 x - 2 chunks of flesh


   Skills:
 + Level 4.4 Fighting
 - Level 4.0 Short Blades
 * Level 5.0 Dodging
 + Level 5.3 Stealth
 + Level 0.6 Shields


You had 5 spell levels left.
You didn't know any spells.

Dungeon Overview and Level Annotations

Branches:
Dungeon (5/15)
 Temple: D:4-7

Altars:

Annotations:
D:3 Totori's ghost, amateur HOFE
D:4 Duvessa; Edmund; maxonian's ghost, amateur OpFi


Innate Abilities, Weirdness & Mutations

You cannot wear most types of armour.
You are very stealthy in the water. (Stealth+)
You are amphibious.
You can wear up to eight rings at the same time.
You can use your tentacles to constrict eight enemies at once.
Your skin changes colour to match your surroundings (Stealth+).
Your rubbery body absorbs attacks. (AC +1, EV +1)


Message History

Totori's ghost is moderately damaged.
Totori's ghost hits you.
You closely miss Totori's ghost. You squeeze Totori's ghost.
Totori's ghost is moderately damaged.
Totori's ghost barely misses you.
You hit Totori's ghost. You freeze Totori's ghost. You squeeze Totori's ghost!
Totori's ghost is severely damaged.
Totori's ghost points at you and mumbles some strange words.
The flame tongue hits you!
You barely miss Totori's ghost.
Totori's ghost is severely damaged.
Totori's ghost hits you!
* * * LOW HITPOINT WARNING * * *
You hit Totori's ghost. You freeze Totori's ghost.
Totori's ghost is almost destroyed.
You hit Totori's ghost. You freeze Totori's ghost.
Totori's ghost is almost destroyed.
Totori's ghost points at you and mumbles some strange words.
The flame tongue hits you!
You die...

.....#..(#.#
#...#
.....#.....#
#...# ######
###...#
..##'##
#.##.#
#.##.#
#.##.# #
#.##.######
#
#).@........
#
####W#######
... .... ##.
#g### # #.#
#?# ... ..


You could see Totori's ghost and a goblin.

Vanquished Creatures
  2 scorpions (D:4)
  Dowan (D:4)
  A howler monkey (D:4)
  A centaur skeleton (D:4)
  A worker ant (D:4)
  A hound skeleton (D:4)
  7 adders
  A worm (D:2)
  2 dart slugs
  3 leopard geckos
  5 orcs
  A ball python (D:1)
  12 bats
  4 giant cockroaches
  8 goblins
  9 hobgoblins
  2 jackals (D:4)
  A quokka (D:4)
  4 frilled lizards
  6 kobolds
  4 rats
76 creatures vanquished.

Notes
Turn   | Place    | Note
-------+----------+-------------------------------------------
     0 | D:1      | iamserjio the Octopode Monk began the quest for the Orb.
     0 | D:1      | Reached XP level 1. HP: 16/16 MP: 1/1
    41 | D:1      | Reached XP level 2. HP: 21/21 MP: 2/2
   811 | D:1      | Reached XP level 3. HP: 26/26 MP: 3/3
  1413 | D:2      | Reached XP level 4. HP: 19/31 MP: 4/4
  2455 | D:3      | Noticed Totori's ghost (amateur HOFE)
  2557 | D:4      | Noticed maxonian's ghost (amateur OpFi)
  2557 | D:4      | Reached XP level 5. HP: 37/37 MP: 5/5
  2564 | D:4      | Noticed Menkaure
  2565 | D:4      | Found Par Yhojy's Gadget Shop.
  2612 | D:4      | Noticed Dowan
  2624 | D:4      | Killed Dowan
  2625 | D:4      | Noticed Duvessa
  2856 | D:5      | Entered Level 5 of the Dungeon
  2891 | D:4      | Reached XP level 6. HP: 29/43 MP: 3/6
  2897 | D:4      | Reached skill level 5 in Stealth
  3162 | D:4      | Noticed Edmund
  3577 | D:3      | Reached skill level 5 in Dodging
  3700 | D:3      | Killed from afar by Totori's ghost

Skill      XL: |  1  2  3  4  5  6 |
---------------+-------------------+-----
Stealth        | 3 4 5 |  5.3
Dodging        | 4 5 |  5.0
Short Blades   | 4 |  4.0
Fighting       | 4 |  4.4
Shields        | |  0.6

Action                   |  1- 3 |  4- 6 || total
-------------------------+-------+-------++-------
Melee: Short sword       |    62 |    30 ||    92
       Constrict         |    14 |    23 ||    37
       Tentacles         |     6 |    20 ||    26
       Dagger            |       |    77 ||    77
  Use: Scroll            |       |     5 ||     5
       Potion            |       |     2 ||     2
 Stab: Sleeping          |     7 |    10 ||    17
  Eat: Chunk             |     1 |     8 ||     9
Armor: Skin              |     7 |     6 ||    13
Dodge: Dodged            |    26 |    60 ||    86
